 Dungeon Crawl Stone Soup version 0.30.1-4-g462c640d31 (webtiles) character file.

Game seed: 6458862887842363210

1519 EonArisen the Slasher (level 8, -6/66 (70) HPs)
             Began as a Demonspawn Gladiator on Sept 5, 2023.
             Was a Priest of Fedhas.
             Mangled by an orc warrior
             ... wielding a +0 hand axe
              (7 damage)
             ... on level 8 of the Dungeon.
             The game lasted 00:40:17 (5042 turns).

EonArisen the Slasher (Demonspawn Gladiator)        Turns: 5042, Time: 00:40:19

HP:   -6/66 (70)    AC:  8    Str: 14    XL:     8   Next: 54%
MP:   8/8           EV: 14    Int: 19    God:    Fedhas [***...]
Gold: 231           SH:  0    Dex: 18    Spells: 7/7 levels left

rFire   . . .        a - +1 long sword
rCold   . . .        (no shield)
rNeg    . . .        b - +0 leather armour
rPois   .            c - +0 helmet
rElec   .            i - +1 cloak
rCorr   .            (no gloves)
SInv    .            (no boots)
Will    .....        (no amulet)
Stlth   ++           m - +6 ring of intelligence
HPRegen 0.31/turn    (no ring)
MPRegen 0.11/turn

%: no passive effects
@: about to teleport, studying Fighting, drained
A: hooves 2, icy blue scales 1, demonic magic 1, agile 1, clever 1, robust 1,
evolution 1, MP-powered wands
a: Renounce Religion, Wall of Briars, Grow Ballistomycete


You were on level 8 of the Dungeon.
You worshipped Fedhas.
Fedhas was most pleased with you.
You visited 1 branch of the dungeon, and saw 8 of its levels.

You collected 291 gold pieces.
You spent 60 gold pieces at shops.

Inventory:

Hand Weapons
 a - a +1 long sword (weapon)
 k - a +0 hand axe of holy wrath
 x - a +0 falchion
Missiles
 d - 2 throwing nets (quivered)
 e - a javelin
 g - 16 poisoned darts
Armour
 b - a +0 leather armour (worn)
 c - a +0 helmet (worn)
 i - a +1 cloak (worn)
Jewellery
 m - a +6 ring of intelligence (left hand)
 q - the amulet of Elemental Vulnerability {rPois rF-- rC-- AC+8}
   (You found it on level 7 of the Dungeon)

   [amulet of nothing]

   AC:        It affects your AC (+8).
   rF:        It makes you very vulnerable to fire.
   rC:        It makes you very vulnerable to cold.
   rPois:     It protects you from poison.
Wands
 f - a wand of flame (13)
 s - a wand of paralysis (12)
Scrolls
 n - a scroll of fear {unknown}
 t - a scroll of enchant weapon
 v - a scroll of brand weapon {unknown}
 w - a scroll of identify
Potions
 h - 2 potions of magic
 j - a potion of flight
 l - a potion of cancellation {unknown}
 o - 2 potions of degeneration
 r - a potion of curing
 u - a potion of invisibility {unknown}


   Skills:
 + Level 5.8 Fighting
 + Level 7.5 Long Blades
 + Level 2.0 Throwing
 + Level 3.4 Armour
 + Level 4.7 Dodging
 + Level 1.6 Stealth
 + Level 0.2 Invocations
 + Level 0.3 Evocations


You had 7 spell levels left.
You didn't know any spells.
Your spell library contained the following spells:

 Spells                   Type           Power      Damage    Failure   Level
 Blink                    Tloc           0%         N/A       36%         2
 Dazzling Flash           Conj/Hex       0%         N/A       58%         3
 Volatile Blastmotes      Fire/Tloc      0%         2d10      58%         3
 Iskenderun's Mystic Bla  Conj/Tloc      0%         2d3       94%         4
 Manifold Assault         Tloc           0%         N/A       94%         4
 Starburst                Conj/Fire      0%         6d3       100%        6
 Storm Form               Tmut/Air       0%         N/A       100%        7


Dungeon Overview and Level Annotations

Branches:
Dungeon (8/15)             Temple (0/1) D:7
   Lair: D:8-11

Altars:
Fedhas
Kikubaaqudgha
Okawaru
Vehumet
Wu Jian

Shops:
D:2 (   D:3 !   D:7 (

Annotations:
D:8 Erica, Prince Ribbit


Innate Abilities, Weirdness & Mutations

You have hoof-like feet.
You are partially covered in icy blue scales. (AC +2)
Spells you cast may paralyse adjacent enemies.
You are agile. (Dex +4, Str/Int -1)
Your mind is acute. (Int +4, Str/Dex -1)
You are robust. (+10% HP)
You have hidden genetic potential.
You expend magic power (3 MP) to strengthen your wands.


Message History

The orc closely misses you.
You closely miss the orc warrior.
You kick the orc warrior, but do no damage.
The orc warrior is heavily wounded.
The howler monkey hoots and howls with incredible vigour!
Prince Ribbit comes into view.
The orc hits you with a +2 hand axe of pain.
The wight misses you. The wight hits you with a +0 dagger!
You feel drained.
The howler monkey hits you but does no damage.
You slash the orc!
You kill the orc!
Fedhas appreciates your contribution to the ecosystem.
A bullfrog comes into view.
The orc completely misses you. The wight barely misses you.
The wight hits you from afar with a +0 halberd.
The howler monkey closely misses you.
As you read the scroll of teleportation, it crumbles to dust.
You feel strangely unstable.
The bullfrog croaks.
The howler monkey misses you. The wight hits you with a +0 dagger.
* * * LOW HITPOINT WARNING * * *
The orc completely misses you. The wight misses you.
The orc hits you with a +2 hand axe of pain.
* * * LOW HITPOINT WARNING * * *
The orc warrior barely misses you.
Unknown command.
You hit the orc. Your kick misses the orc.
The orc is lightly wounded.
The howler monkey misses you.
Prince Ribbit croaks regally.
The wight hits you with a +0 dagger!
* * * LOW HITPOINT WARNING * * *
You feel drained.
* * * LOW HITPOINT WARNING * * *
The orc hits you with a +2 hand axe of pain.
* * * LOW HITPOINT WARNING * * *
The wight misses you. The orc barely misses you.
The orc warrior hits you with a +0 hand axe!
You die...
Fedhas appreciates your contribution to the ecosystem.

##########
###########...##...##
#....oz@oo.......<..#
#.$..zoohh)..........#
#.....zzo............#
#.....Fz.............#
#......F............##
#..............#...##
#..........###.#####
#..........# ..#


You could see Prince Ribbit, an orc warrior, a bullfrog, 2 howler monkeys, 5
wights and 5 orcs.

Vanquished Creatures
  A wyvern (D:7)
  A water moccasin (D:6)
  2 black bears (D:5)
  2 ice beasts (D:5)
  2 ogres
  A phantom (D:5)
  2 bullfrogs (D:7)
  2 howler monkeys
  3 hounds
  A jelly (D:4)
  4 iguanas
  An orc wizard (D:7)
  3 gnolls (D:6)
  5 adders
  An ufetubus (D:5)
  A worm (D:2)
  3 dart slugs
  14 orcs
  10 ball pythons
  6 bats
  2 endoplasms (D:3)
  3 giant cockroaches
  7 goblins
  9 hobgoblins
  8 jackals
  3 quokkas
  2 frilled lizards
  9 kobolds
  6 rats
114 creatures vanquished.

Notes
Turn   | Place    | Note
-------+----------+-------------------------------------------
     0 | D:1      | EonArisen the Demonspawn Gladiator began the quest for the
                  | Orb.
     0 | D:1      | Reached XP level 1. HP: 16/16 MP: 1/1
   197 | D:1      | Reached skill level 3 in Long Blades
   202 | D:1      | Gained mutation: You are partially covered in icy blue
                  | scales. (AC +2) [demonic ancestry]
   202 | D:1      | Reached XP level 2. HP: 18/22 MP: 2/2
   546 | D:1      | Gained mutation: You have large cloven feet. [demonic
                  | ancestry]
   546 | D:1      | Reached XP level 3. HP: 27/28 MP: 3/3
   690 | D:1      | Found a faded altar of an unknown god.
   706 | D:1      | Prayed at the altar of an unknown god.
   706 | D:1      | Became a worshipper of Fedhas Madash
   706 | D:1      | Reached * piety under Fedhas
   934 | D:2      | Found Bosku's Antique Weapon Shop.
  1113 | D:3      | Found Ucetom's Distillery.
  1113 | D:3      | You fall into a shaft and drop 1 floor!
  1313 | D:4      | Reached XP level 4. HP: 32/34 MP: 4/4
  1499 | D:4      | Reached ** piety under Fedhas
  1505 | D:4      | Gained mutation: You are weak. (Str -2) [potion of
                  | mutation]
  1505 | D:4      | Gained mutation: You have supernaturally acute eyesight.
                  | (SInv) [potion of mutation]
  1505 | D:4      | Gained mutation: You passively map a small area around you.
                  | [potion of mutation]
  1665 | D:4      | Reached skill level 4 in Long Blades
  1665 | D:4      | Reached skill level 1 in Armour
  1747 | D:4      | Gained mutation: You have hoof-like feet. [demonic
                  | ancestry]
  1747 | D:4      | Reached XP level 5. HP: 34/41 MP: 5/5
  1782 | D:5      | Entered Level 5 of the Dungeon
  1830 | D:5      | Found an ornate altar of the Wu Jian Council.
  1874 | D:5      | Found an iron altar of Okawaru.
  1974 | D:5      | Lost mutation: You have supernaturally acute eyesight.
                  | (SInv) [potion of mutation]
  1974 | D:5      | Lost mutation: You are weak. (Str -2) [potion of mutation]
  1974 | D:5      | Lost mutation: You passively map a small area around you.
                  | [potion of mutation]
  1974 | D:5      | Gained mutation: You are agile. (Dex +4, Str/Int -1)
                  | [potion of mutation]
  1974 | D:5      | Gained mutation: You expend magic power (3 MP) to
                  | strengthen your wands. [potion of mutation]
  1974 | D:5      | Gained mutation: You have hidden genetic potential. [potion
                  | of mutation]
  1974 | D:5      | Gained mutation: Your mind is acute. (Int +4, Str/Dex -1)
                  | [potion of mutation]
  2057 | D:5      | Noticed a black bear
  2057 | D:5      | Noticed a phantom
  2103 | D:5      | Killed a black bear
  2104 | D:5      | Reached skill level 5 in Long Blades
  2104 | D:5      | Gained mutation: Spells you cast may paralyse adjacent
                  | enemies. [demonic ancestry]
  2104 | D:5      | Reached XP level 6. HP: 25/47 MP: 6/6
  2106 | D:5      | Reached skill level 1 in Stealth
  2145 | D:5      | Noticed an ice beast
  2175 | D:5      | Killed an ice beast
  2332 | D:5      | Reached XP level 7. HP: 52/53 MP: 7/7
  2334 | D:5      | Found an ancient bone altar of Kikubaaqudgha.
  2574 | D:5      | Reached skill level 6 in Long Blades
  2872 | D:3      | Bought 2 potions of curing for 60 gold pieces
  3654 | D:6      | Reached *** piety under Fedhas
  3663 | D:6      | Reached XP level 8. HP: 7/61 MP: 8/8
  3930 | D:6      | Reached skill level 5 in Fighting
  4323 | D:7      | Found the amulet of Elemental Vulnerability {rPois rF--
                  | rC-- AC+8}
  4335 | D:7      | Found a radiant altar of Vehumet.
  4374 | D:7      | Found a staircase to the Ecumenical Temple.
  4433 | D:7      | Gained mutation: You are robust. (+10% HP) [hidden
                  | potential]
  4515 | D:7      | Reached skill level 7 in Long Blades
  4700 | D:7      | Found Sanywk's Hydra Hut.
  4701 | D:7      | Noticed an eight-headed hydra
  5037 | D:8      | Noticed Erica
  5039 | D:8      | Noticed Prince Ribbit
  5042 | D:8      | HP: 3/66 [wight/+0 dagger (3)]
  5042 | D:8      | HP: 1/66 [orc/+2 hand axe of pain (2)]
  5042 | D:8      | Mangled by an orc warrior

Illustrated notes

Levels and vault maps discovered:
D:1:      dpeg_arrival_orchard, layout_loops_corners,
          nicolae_ecumenical_snake_handling
D:2:      layout_rooms, serial_shops, shop
D:3:      layout_loops_ring, serial_shops, shop
D:4:      layout_loops_ring
D:5:      layout_loops_ring, mainiacjoe_overflow_cross_hatched,
          kennysheep_little_box, marbit_many_paths
D:6:      layout_loops_cross, dreamdust_divine_triumvirate,
          mainiacjoe_overflow_24_doors
D:7:      layout_loops_corners, vehumet_crystals, minmay_temple_entry_slanted,
          corexii_leaking_fountain, doesnt_shop_hydraphobe
D:8:      layout_rooms, mainiacjoe_overflow_tiny_flanked, enter_bailey_3,
          grunt_ministairs_15, uniq_erica, uniq_prince_ribbit1

Skill      XL: |  1  2  3  4  5  6  7  8 |
---------------+-------------------------+-----
Long Blades    | 3 4 5 6 7 |  7.5
Dodging        | 3 4 |  4.7
Fighting       | 3 4 5 |  5.8
Armour         | 1 2 3 |  3.4
Stealth        | 1 |  1.6
Throwing       | 2 |  2.0
Invocations    | |  0.2
Evocations     | |  0.3

Action                     |  1- 3 |  4- 6 |  7- 9 || total
---------------------------+-------+-------+-------++-------
  Melee: Long sword        |   125 |    83 |   146 ||   354
         Kick              |    16 |    22 |    47 ||    85
         Punch             |     1 |     1 |     4 ||     6
  Throw: Throwing net      |       |     1 |     1 ||     2
 Invoke: Wall of Briars    |       |     1 |       ||     1
  Evoke: Wand              |       |     2 |       ||     2
    Use: Scroll            |     4 |     3 |     4 ||    11
         Potion            |     3 |     8 |     4 ||    15
 Armour: Leather armour    |    58 |    55 |    42 ||   155
  Dodge: Dodged            |   122 |    87 |   160 ||   369
